 Dungeon Crawl Stone Soup version 0.28.0-53-g5a82cb258f (webtiles) character file.

Game seed: 10410082158195524912

8973 cbfl8 the Cleaver (level 11, -6/136 (148) HPs)
             Began as a Minotaur Berserker on Sept 3, 2022.
             Was an Elder of Trog.
             Mangled by a wraith (10 damage)
             ... led by Josephine
             ... on level 10 of the Dungeon.
             The game lasted 00:10:36 (11917 turns).

cbfl8 the Cleaver (Minotaur Berserker)             Turns: 11917, Time: 00:10:37

HP:   -6/136 (148)  AC: 16    Str: 23    XL:     11   Next: 16%
MP:   10/10         EV: 11    Int:  4    God:    Trog [****..]
Gold: 473           SH:  0    Dex: 19    Spells: 10/10 levels left

rFire   + . .      SeeInvis .   m - +0 war axe
rCold   . . .      Faith    .   (no shield)
rNeg    . . .      Spirit   .   w - +0 plate armour
rPois   .          Reflect  .   (helmet restricted)
rElec   .          Harm     .   s - +0 cloak
rCorr   .          Rampage  .   (no gloves)
Will    .....                   k - +0 pair of boots
Stlth   ..........              (no amulet)
HPRegen 0.32/turn               r - +6 ring of dexterity
MPRegen 0.12/turn               j - ring of protection from fire

@: berserking (expiring), slowed, drained
A: horns 2, retaliatory headbutt
a: Renounce Religion, Berserk, Trog's Hand, Brothers in Arms


You were on level 10 of the Dungeon.
You worshipped Trog.
Trog was greatly pleased with you.
You visited 1 branch of the dungeon, and saw 10 of its levels.

You collected 473 gold pieces.

Inventory:

Hand Weapons
 m - a +0 war axe (weapon)
Missiles
 n - a throwing net
Armour
 k - a +0 pair of boots (worn)
 s - a +0 cloak (worn)
 w - a +0 plate armour (worn)
Jewellery
 c - a ring of fire
 j - a ring of protection from fire (right hand)
 r - a +6 ring of dexterity (left hand)
Wands
 i - a wand of flame (10) (quivered)
 o - a wand of mindburst (3)
Scrolls
 b - 2 scrolls of enchant weapon
 d - a scroll of teleportation
 g - 2 scrolls of enchant armour
 h - a scroll of summoning
 p - 3 scrolls of fear
 u - a scroll of acquirement {unknown}
Potions
 a - a potion of heal wounds
 e - a potion of resistance {unknown}
 f - 2 potions of might {unknown}
 q - a potion of haste {unknown}
 t - 2 potions of curing
 v - a potion of cancellation {unknown}


   Skills:
 * Level 10.1 Fighting
 + Level 11.9 Axes
 + Level 8.9 Armour
 * Level 7.7 Dodging
 + Level 1.4 Stealth
 * Level 6.6 Evocations


You had 10 spell levels left.
You didn't know any spells.
Your spell library was empty.

Dungeon Overview and Level Annotations

Branches:
Dungeon (10/15)            Temple (0/1) D:5            Lair (0/6) D:8
    Orc (0/2) D:9

Altars:
Ashenzari
Gozag
Qazlal
Vehumet
Yredelemnul
The Shining One

Shops:
D:4 (

Annotations:
D:10 Josephine


Innate Abilities, Weirdness & Mutations

You have a pair of horns on your head.
You reflexively headbutt those who attack you in melee.


Message History

The wraith hits you but does no damage. The wraith hits you.
* * * LOW HITPOINT WARNING * * *
Josephine gestures at you while chanting.
The ghostly flame explodes!
The ghostly fireball engulfs the wraith.
The wraith completely resists.
The ghostly fireball engulfs Josephine.
Josephine completely resists.
The ghostly fireball engulfs the wraith.
The wraith completely resists.
The ghostly fireball engulfs the wraith.
The wraith completely resists.
The ghostly fireball engulfs you!!
You feel drained.
* * * LOW HITPOINT WARNING * * *
The wraith hits you but does no damage. The wraith closely misses you.
Unknown command.
You closely miss the wraith. Your headbutt misses the wraith.
The wraith is almost destroyed.
You hit the wraith. x3; The wraith barely misses you.
The wraith hits you but does no damage.
Josephine points at you and mumbles some strange words.
The ghostly flame explodes!
The ghostly fireball engulfs the wraith.
The wraith completely resists.
The ghostly fireball engulfs Josephine.
Josephine completely resists.
The ghostly fireball engulfs the wraith.
The wraith completely resists.
The ghostly fireball engulfs the wraith.
The wraith completely resists.
The ghostly fireball engulfs you!
You feel drained.
* * * LOW HITPOINT WARNING * * *
The wraith hits you.
* * * LOW HITPOINT WARNING * * *
The wraith drains your vigour!
You feel as though you will be slow longer.
The wraith hits you but does no damage.
You closely miss the wraith.
The wraith is almost destroyed.
You barely miss the wraith. You hit the wraith but do no damage.
The wraith barely misses you. The wraith hits you!
You die...

.........'..........)'.....+,,,,,
........##..........##.....#,*,,,
........#####..#######.....#,****
.................# #.....#.# *
.................# #.......# *
########.........# ###'#.###
*....$....# #.#.#*****
*.........#### #.#..,,,,,
**######W@...# ##'####***,
#.WW..# #....# *, *****#@W...#
#....# *, ***** *,,,.......#
#....# *, *,,,* *,.........#
#....# *, *,,,* #..........#
##.### *, *,,,* #..........# #.#
*, *,,,* ######.....# #.# **
**,,,* ####+## #.# *,


You could see Josephine and 4 wraiths.

Vanquished Creatures
  2 two-headed ogres
  Pikel (D:6)
  Maurice (D:9)
  A black mamba (shapeshifter) (D:8)
  6 gargoyles (D:7)
  Maggie (D:9)
  A kobold demonologist (D:9)
  Prince Ribbit (D:6)
  A wyvern (D:9)
  2 shadows (D:9)
  Grum (D:8)
  A steam dragon (D:8)
  Menkaure (D:7)
  An acid dragon (D:9)
  4 water moccasins
  2 black bears
  An orc warrior (D:8)
  A sky beast (D:6)
  An ice beast (D:8)
  3 wolves (D:8)
  2 centaurs
  An ogre (D:5)
  A phantom (D:9)
  A kobold brigand (D:9)
  A lemure (D:6)
  A bullfrog (D:6)
  2 scorpions (D:6)
  2 troll zombies (D:9)
  9 killer bees
  4 wights (D:7)
  A howler monkey (D:6)
  A bullfrog skeleton (D:7)
  Crazy Yiuf (D:7)
  2 hounds
  4 orc priests
  A gnoll shaman (D:8)
  2 jellies
  An iguana (D:6)
  Natasha (thrice) (D:2)
  4 orc wizards (D:8)
  A killer bee zombie (D:7)
  4 ogre zombies (D:9)
  Robin (D:2)
  11 adders
  8 gnolls
  A shadow imp (D:6)
  2 worms
  2 dart slugs
  19 orcs
  A ball python (D:3)
  7 endoplasms
  A giant cockroach (D:2)
  12 goblins
  12 hobgoblins
  8 jackals
  5 kobolds
  5 quokkas
  6 bats
  A frilled lizard (D:3)
  4 goblin zombies (D:9)
  2 hobgoblin skeletons (D:9)
  5 hobgoblin zombies (D:9)
  8 orc zombies (D:9)
  4 rats
207 creatures vanquished.

Vanquished Creatures (others)
  A plant (D:5)
  2 withered plants (D:2)
3 creatures vanquished.

Grand Total: 210 creatures vanquished

Notes
Turn   | Place    | Note
-------+----------+-------------------------------------------
     0 | D:1      | cbfl8 the Minotaur Berserker began the quest for the Orb.
     0 | D:1      | Reached XP level 1. HP: 19/19 MP: 0/0
   509 | D:1      | Reached XP level 2. HP: 24/27 MP: 1/1
   811 | D:1      | Reached skill level 4 in Axes
  1087 | D:2      | Noticed Natasha
  1093 | D:2      | Killed Natasha
  1094 | D:2      | Reached XP level 3. HP: 34/34 MP: 2/2
  1439 | D:2      | Noticed Robin
  1451 | D:2      | Reached ** piety under Trog
  1452 | D:2      | Reached skill level 1 in Evocations
  1452 | D:2      | Reached XP level 4. HP: 41/41 MP: 3/3
  1457 | D:2      | Killed Robin
  1561 | D:2      | Found a faded altar of an unknown god.
  1561 | D:2      | Noticed Natasha
  1567 | D:2      | Killed Natasha
  1645 | D:2      | Noticed Natasha
  1653 | D:2      | Killed Natasha
  2457 | D:3      | Reached XP level 5. HP: 47/47 MP: 4/4
  3663 | D:4      | Noticed a water moccasin
  3672 | D:4      | Killed a water moccasin
  3673 | D:4      | Reached skill level 5 in Axes
  3673 | D:4      | Reached XP level 6. HP: 18/55 MP: 5/5
  4140 | D:4      | Found Aliawach's Weapon Shoppe.
  4184 | D:5      | Entered Level 5 of the Dungeon
  4198 | D:5      | Found a stormy altar of Qazlal.
  4439 | D:5      | Found a staircase to the Ecumenical Temple.
  4447 | D:5      | Reached skill level 6 in Axes
  4449 | D:5      | Reached skill level 5 in Fighting
  4471 | D:5      | Reached XP level 7. HP: 33/61 MP: 6/6
  5307 | D:5      | Found a radiant altar of Vehumet.
  5319 | D:5      | Found a basalt altar of Yredelemnul.
  5672 | D:6      | Reached skill level 5 in Armour
  5786 | D:6      | Reached skill level 7 in Axes
  5786 | D:6      | Reached skill level 1 in Stealth
  5798 | D:6      | Reached *** piety under Trog
  5831 | D:6      | Noticed Pikel
  5842 | D:6      | Killed Pikel
  5843 | D:6      | Reached XP level 8. HP: 71/71 MP: 7/7
  5954 | D:6      | Noticed Prince Ribbit
  5961 | D:6      | Killed Prince Ribbit
  5962 | D:6      | Reached skill level 8 in Axes
  6066 | D:6      | Reached skill level 5 in Dodging
  6602 | D:7      | Found a runed translucent door.
  6603 | D:7      | Noticed Crazy Yiuf
  6610 | D:7      | Killed Crazy Yiuf
  6720 | D:7      | Reached XP level 9. HP: 57/74 MP: 8/8
  7094 | D:7      | Noticed Menkaure
  7103 | D:7      | Killed Menkaure
  7245 | D:7      | Reached skill level 9 in Axes
  7613 | D:7      | Found a glowing golden altar of the Shining One.
  7791 | D:7      | Noticed a gargoyle
  7801 | D:7      | Killed a gargoyle
  7802 | D:7      | Reached skill level 5 in Evocations
  7900 | D:7      | Noticed a gargoyle
  7908 | D:7      | Killed a gargoyle
  8254 | D:7      | Noticed a gargoyle
  8260 | D:7      | Killed a gargoyle
  8316 | D:7      | Noticed a gargoyle
  8323 | D:7      | Killed a gargoyle
  8324 | D:7      | Reached skill level 10 in Axes
  8451 | D:7      | Noticed a gargoyle
  8456 | D:7      | Killed a gargoyle
  8457 | D:7      | Reached XP level 10. HP: 62/88 MP: 9/9
  8565 | D:7      | Noticed a gargoyle
  8578 | D:7      | Killed a gargoyle
  9180 | D:8      | Found a staircase to the Lair.
  9180 | D:8      | Noticed a black mamba
  9183 | D:8      | Killed a black mamba
  9509 | D:8      | Noticed Grum
  9520 | D:8      | Killed Grum
  9764 | D:8      | Noticed a two-headed ogre
 10066 | D:8      | Killed a two-headed ogre
 10067 | D:8      | Reached skill level 11 in Axes
 10613 | D:9      | Found a staircase to the Orcish Mines.
 10613 | D:9      | Noticed Maurice
 10636 | D:9      | Killed Maurice
 10652 | D:9      | Reached **** piety under Trog
 11345 | D:9      | Found a broken altar of Ashenzari.
 11392 | D:9      | Found an opulent altar of Gozag.
 11423 | D:9      | Reached XP level 11. HP: 99/99 MP: 10/10
 11573 | D:9      | Noticed Maggie
 11584 | D:9      | Killed Maggie
 11774 | D:10     | Entered Level 10 of the Dungeon
 11827 | D:10     | Noticed a two-headed ogre
 11841 | D:10     | Killed a two-headed ogre
 11842 | D:10     | Reached skill level 10 in Fighting
 11912 | D:10     | Noticed Josephine
 11915 | D:10     | HP: 6/136 [Josephine/ghostly fireball (17)]
 11917 | D:10     | Mangled by a wraith

Illustrated notes

Levels and vault maps discovered:
D:1:      lightli_arrival_chessboard, layout_rooms
D:2:      layout_basic, ebering_ecumenical_altar_petrified, uniq_natasha,
          uniq_robin
D:3:      layout_basic
D:4:      layout_gridville, serial_shops, shop, minmay_box_of_dots
D:5:      layout_rooms, mainiacjoe_overflow_boulevard,
          amethyst_overflow_temple_binary, minmay_temple_entry_junction,
          serial_glass, glass_columns_a, glass_columns_a, glass_columns_c,
          glass_columns_a, glass_columns_b, glass_columns_c, glass_columns_a,
          glass_columns_c
D:6:      layout_basic, uniq_pikel, uniq_prince_ribbit1
D:7:      cheibrodos_statue_roulette, layout_loops_cross,
          mainiacjoe_overflow_small_starburst, uniq_crazy_yiuf_cottage,
          uniq_menkaure
D:8:      layout_cave_pools, lair_entry_dummy, uniq_grum
D:9:      layout_long_grid, mainiacjoe_overflow_tiny_flanked,
          nicolae_gozag_cash_rules_everything_around_me, zombieorc1_lemuel,
          uniq_maurice, uniq_maggie
D:10:     layout_basic, enter_bailey_2, uniq_snorg, uniq_josephine

Skill      XL: |  1  2  3  4  5  6  7  8  9 10 11 |
---------------+----------------------------------+-----
Fighting       | 4 5 6 8 9 10 | 10.1
Axes           | 4 5 6 7 8 10 11 | 11.9
Evocations     | 1 2 3 4 5 6 |  6.6
Armour         | 3 4 5 6 7 8 |  8.9
Dodging        | 3 4 5 6 7 |  7.7
Stealth        | 1 |  1.4

Action                   |  1- 3 |  4- 6 |  7- 9 | 10-12 || total
-------------------------+-------+-------+-------+-------++-------
Melee: Hand axe          |    58 |    85 |       |       ||   143
       Headbutt          |    11 |    20 |    18 |    47 ||    96
       War axe           |       |    50 |   134 |   207 ||   391
       Punch             |       |       |     2 |       ||     2
Invok: Berserk           |     3 |     4 |     7 |     8 ||    22
       Trog's Hand       |       |       |       |     2 ||     2
Evoke: Wand              |       |       |     3 |     1 ||     4
  Use: Scroll            |       |       |     4 |     6 ||    10
       Potion            |       |       |       |     1 ||     1
Armor: Animal skin       |     5 |       |       |       ||     5
       Ring mail         |    14 |    26 |       |       ||    40
       Scale mail        |       |    27 |    37 |     2 ||    66
       Chain mail        |       |       |       |    34 ||    34
       Plate armour      |       |       |       |    78 ||    78
Dodge: Dodged            |    37 |    83 |    72 |   131 ||   323
